AoeStats
← beneath mariana

African Clearing

503860453Analyzed
4v4 RM · 29d ago on Sep 2, 2026· 55m 16s· 8 players
Game mode
Random Map
Map size
Large (8 player)
Population
200
Speed
Normal
Resources
Standard
Victory
Conquest
Starting age
Dark Age
Ending age
Imperial Age
RankedLock teamsTeams togetherTeam positionsShared explorationLock speedFull tech treeHidden civsTurbo modeCheats
Victory
Defeat
🇦🇷 Ethiopians · Argentina
1476
+13
🇨🇳 Persians · China
1463
+13
🇦🇷 Chinese · Argentina
1422
+15
🇨🇳 Celts · China
1412
+16
🇫🇮 Spanish · Finland
1483
-18
🇨🇿 Chinese · Czechia
1406
-14
🇲🇽 Mongols · Mexico
1371
-13
🇪🇸 Spanish · Spain
1349
-12
LvSP | LeON
9:30 Loom
11:38 Feudal Age
15:09 Forging
18:43 Scale Barding Armor
23:44 Wheelbarrow
27:12 Castle Age
26:21 Double-Bit Axe
26:18 Horse Collar
33:04 Imperial Age
32:00 Gold Mining
43:52 Thumb Ring
46:46 Parthian Tactics
46:52 Bow Saw
48:06 Heavy Plow
49:35 Hand Cart
49:35 Heavy Cavalry Archer
52:18 Fletching
53:01 Bodkin Arrow
53:59 Bracer
54:00 Padded Archer Armor
KEFÍRER
3:02 Loom
12:55 Feudal Age
14:32 Double-Bit Axe
17:07 Castle Age
16:11 Fletching
17:25 Wheelbarrow
19:51 Bow Saw
20:26 Horse Collar
20:40 Gold Mining
24:48 Wheelbarrow
26:19 Hand Cart
30:56 Imperial Age
29:56 Bodkin Arrow
30:26 Ballistics
31:09 Squires
30:55 Arson
32:04 Conscription
32:35 Bracer
32:35 Padded Archer Armor
33:37 Chemistry
33:32 Heavy Plow
32:56 Elite Skirmisher
33:42 Thumb Ring
33:51 Elite Chu Ko Nu
35:01 Masonry
37:17 Leather Archer Armor
37:12 Forging
37:02 Scale Mail Armor
37:35 Architecture
37:44 Gold Shaft Mining
36:59 Stone Mining
39:23 Coinage
43:00 Stone Shaft Mining
43:22 Elite Fire Lancer
44:39 Ring Archer Armor
44:29 Chain Mail Armor
44:49 Iron Casting
48:06 Murder Holes
50:55 Capped Ram
52:05 Siege Ram
52:45 Heavy Scorpion
55:45 Blast Furnace
55:16 Plate Mail Armor
atilaalmogaver
6:30 Loom
13:58 Feudal Age
18:37 Castle Age
17:22 Stone Mining
26:37 Padded Archer Armor
27:19 Town Watch
31:33 Husbandry
32:26 Leather Archer Armor
32:26 Gold Mining
33:16 Bloodlines
40:14 Imperial Age
41:38 Ring Archer Armor
41:20 Horse Collar
41:31 Double-Bit Axe
43:03 Conscription
48:03 Light Cavalry
48:52 Scale Barding Armor
48:58 Forging
51:34 Hussar
54:26 Chain Barding Armor
54:43 Iron Casting
Burgeri
11:29 Loom
13:15 Feudal Age
17:35 Castle Age
17:01 Double-Bit Axe
24:14 Town Watch
29:08 Padded Archer Armor
32:01 Leather Archer Armor
36:37 Fletching
39:56 Bodkin Arrow
39:25 Elite Skirmisher
47:44 Thumb Ring
52:35 Imperial Age
56:15 Imperial Age
Ministro ChocoArroz
2:36 Loom
11:16 Feudal Age
14:57 Castle Age
14:08 Double-Bit Axe
18:13 Bow Saw
18:47 Fletching
33:38 Wheelbarrow
36:09 Bodkin Arrow
42:03 Imperial Age
41:38 Bodkin Arrow
42:54 Bracer
45:48 Ballistics
47:48 Conscription
48:27 Elite Chu Ko Nu
49:59 Padded Archer Armor
53:50 Leather Archer Armor
55:06 Ring Archer Armor
马虎
3:39 Loom
13:50 Feudal Age
18:27 Castle Age
16:52 Double-Bit Axe
16:51 Horse Collar
17:28 Fletching
19:00 Bodkin Arrow
22:27 Bow Saw
24:29 Parthian Tactics
24:37 Ballistics
31:11 Wheelbarrow
30:21 Town Watch
32:28 Parthian Tactics
39:59 Imperial Age
39:27 Scale Barding Armor
43:49 Bloodlines
47:28 Elite Skirmisher
beneath mariana
12:04 Feudal Age
12:04 Man-at-Arms
13:30 Town Watch
14:38 Horse Collar
16:45 Arson
18:10 Forging
18:41 Loom
21:27 Castle Age
22:31 Wheelbarrow
25:03 Double-Bit Axe
32:29 Heavy Plow
32:57 Gold Mining
34:32 Stone Mining
36:16 Gold Shaft Mining
39:11 Imperial Age
38:10 Fletching
38:20 Padded Archer Armor
39:18 Hand Cart
38:59 Bodkin Arrow
38:36 Elite Skirmisher
39:47 Leather Archer Armor
40:13 Conscription
39:40 Onager
41:44 Stone Shaft Mining
41:51 Ring Archer Armor
42:33 Ballistics
43:13 Chemistry
42:16 Scale Mail Armor
45:29 Coinage
45:10 Guilds
46:58 Banking
46:43 Furor Celtica
47:32 Siege Engineers
48:35 Chain Mail Armor
48:54 Siege Onager
50:54 Plate Mail Armor
51:49 Heavy Scorpion
52:17 Heavy Scorpion
53:11 Pikeman
54:46 Hoardings
53:32 Elite Woad Raider
54:48 Heavy Scorpion
Dino_Mate
9:58 Loom
12:16 Feudal Age
13:26 Double-Bit Axe
16:03 Castle Age
17:08 Bow Saw
19:18 Wheelbarrow
18:28 Town Watch
19:46 Horse Collar
22:31 Fletching
23:21 Stone Mining
23:23 Gold Mining
23:47 Bodkin Arrow
24:58 Crossbowman
30:07 Imperial Age
28:23 Padded Archer Armor
28:45 Ballistics
28:45 Thumb Ring
30:51 Bracer
32:01 Chemistry
30:34 Arbalester
31:54 Guard Tower
33:11 Murder Holes
34:29 Stone Shaft Mining
38:59 Leather Archer Armor
40:34 Masonry
40:58 Ring Archer Armor
40:29 Scale Mail Armor
40:40 Forging
41:42 Squires
42:14 Conscription
41:31 Elite Shotel Warrior
44:05 Chain Mail Armor
44:24 Elite Skirmisher
48:23 Plate Mail Armor
48:29 Iron Casting
48:59 Royal Heirs
51:01 Iron Casting
53:32 Siege Engineers
53:58 Architecture
54:04 Keep
54:33 Torsion Engines
Connection lost

Rejoining the realm…

Still unreachable

The connection could not be restored.

Session expired

The server has moved on; the page needs a fresh start.